AoeStats
← Raiquen

Fortress

509520348Analyzed
4v4 RM · 5d ago on Sep 27, 2026· 74m 2s· 8 players
Game mode
Random Map
Map size
Huge
Population
200
Speed
Normal
Resources
Standard
Victory
Conquest
Starting age
Dark Age
Ending age
Imperial Age
RankedLock teamsTeams togetherTeam positionsShared explorationLock speedFull tech treeHidden civsTurbo modeCheats
Victory
Defeat
🇱🇻 Berbers · Latvia
930
+16
🇵🇪 Burgundians · Peru
897
+17
🇨🇱 Romans · Chile
879
+18
🇦🇷 Byzantines · Argentina
868
+48
🇺🇸 Japanese · United States
1196
-28
🇺🇸 Italians · United States
937
-18
🇺🇸 Franks · United States
921
-17
🇺🇸 Cumans · United States
651
-7
Abhyasin
10:04 Feudal Age
11:41 Double-Bit Axe
11:42 Horse Collar
16:23 Castle Age
19:42 Bow Saw
19:35 Heavy Plow
20:17 Pikeman
20:20 Elite Skirmisher
21:03 Scale Mail Armor
21:13 Forging
20:54 Fletching
21:04 Padded Archer Armor
21:46 Wheelbarrow
22:20 Chain Mail Armor
22:54 Caravan
23:38 Squires
23:33 Gambesons
28:09 Stone Mining
28:09 Gold Mining
28:58 Iron Casting
28:19 Bodkin Arrow
28:39 Leather Archer Armor
28:43 Hand Cart
33:51 Ballistics
39:34 Imperial Age
36:59 Loom
40:01 Halberdier
42:33 Chemistry
42:31 Plate Mail Armor
43:57 Two-Man Saw
43:58 Bracer
44:35 Crop Rotation
45:06 Conscription
52:33 Arson
56:32 Ring Archer Armor
59:29 Treadmill Crane
69:25 Bombard Tower
69:17 Fortified Wall
70:40 Hoardings
c190
0:29 Loom
8:04 Feudal Age
13:40 Castle Age
12:44 Scale Barding Armor
12:51 Horse Collar
13:51 Gold Mining
13:52 Stone Mining
15:16 Double-Bit Axe
16:58 Forging
20:02 Wheelbarrow
23:04 Bloodlines
23:38 Kasbah
25:20 Iron Casting
25:42 Caravan
26:46 Gold Shaft Mining
30:29 Ballistics
30:05 Murder Holes
31:10 Chain Barding Armor
35:06 Imperial Age
33:34 Padded Archer Armor
33:25 Fletching
33:56 Heavy Plow
34:42 Thumb Ring
34:50 Elite Skirmisher
37:07 Chemistry
36:22 Heavy Camel Rider
51:34 Leather Archer Armor
51:14 Bodkin Arrow
63:03 Crossbowman
63:34 Elite Genitour
67:41 Plate Barding Armor
68:21 Blast Furnace
71:47 Ring Archer Armor
71:17 Bracer
Raiquen
7:48 Feudal Age
6:43 Loom
12:36 Castle Age
10:33 Horse Collar
13:17 Double-Bit Axe
16:22 Heavy Plow
20:24 Forging
23:17 Wheelbarrow
28:26 Imperial Age
26:12 Gold Mining
27:39 Ballistics
29:31 Man-at-Arms
30:12 Squires
31:51 Long Swordsman
35:09 Scale Mail Armor
35:12 Pikeman
38:37 Chain Mail Armor
38:58 Iron Casting
37:53 Legionary
41:56 Blast Furnace
41:48 Gold Shaft Mining
41:03 Stone Mining
42:02 Conscription
42:55 Heavy Scorpion
48:38 Comitatenses
48:26 Ballistas
67:08 Halberdier
72:03 Hand Cart
Arianna Ishikawa
9:08 Feudal Age
11:35 Horse Collar
15:17 Castle Age
13:55 Heavy Plow
13:42 Double-Bit Axe
13:49 Gold Mining
14:35 Bow Saw
15:29 Gold Shaft Mining
14:49 Stone Mining
17:08 Loom
20:02 Wheelbarrow
26:40 Hand Cart
30:44 Imperial Age
29:04 Scale Mail Armor
28:28 Pikeman
29:08 Squires
28:54 Arson
29:33 Forging
30:05 Chain Mail Armor
30:08 Fletching
30:19 Padded Archer Armor
30:55 Iron Casting
30:09 Elite Skirmisher
30:51 Bodkin Arrow
31:54 Leather Archer Armor
33:20 Conscription
33:10 Bracer
34:11 Blast Furnace
32:43 Halberdier
33:56 Plate Mail Armor
33:35 Scale Barding Armor
33:39 Burgundian Vineyards
34:54 Chemistry
34:16 Ballistics
34:02 Cavalier
34:43 Husbandry
36:27 Chain Barding Armor
35:32 Light Cavalry
36:12 Paladin
37:22 Masonry
38:04 Plate Barding Armor
37:44 Hussar
38:46 Capped Ram
41:04 Flemish Revolution
42:19 Hoardings
46:26 Architecture
46:07 Fortified Wall
45:37 Treadmill Crane
59:12 Caravan
59:25 Guilds
62:52 Murder Holes
67:44 Crop Rotation
67:55 Stone Shaft Mining
68:25 Two-Man Saw
69:39 Coinage
69:13 Elite Genitour
Mushu_Sellout
9:31 Feudal Age
14:17 Castle Age
12:54 Man-at-Arms
13:20 Arson
17:09 Padded Archer Armor
17:55 Crossbowman
18:42 Double-Bit Axe
20:03 Town Watch
20:04 Loom
20:54 Wheelbarrow
20:15 Pikeman
21:36 Squires
25:11 Leather Archer Armor
27:41 Bow Saw
30:55 Silk Road
30:43 Thumb Ring
30:33 Fletching
31:19 Town Patrol
33:38 Light Cavalry
35:54 Husbandry
36:56 Hand Cart
39:08 Long Swordsman
40:02 Elite Skirmisher
46:28 Fortified Wall
46:13 Murder Holes
50:39 Imperial Age
62:20 Scale Barding Armor
62:11 Bodkin Arrow
63:57 Scale Mail Armor
66:57 Horse Collar
CodeRed7109
5:14 Loom
7:45 Feudal Age
11:56 Castle Age
9:51 Double-Bit Axe
9:49 Horse Collar
12:56 Heavy Plow
13:11 Bow Saw
16:59 Loom
17:32 Scale Mail Armor
18:22 Wheelbarrow
19:25 Gold Mining
19:57 Chain Mail Armor
20:33 Hand Cart
21:19 Forging
21:50 Loom
21:51 Town Watch
22:47 Town Patrol
26:19 Imperial Age
24:24 Fletching
25:08 Bodkin Arrow
25:38 Ballistics
25:48 Padded Archer Armor
26:06 Thumb Ring
27:09 Bracer
28:11 Chemistry
26:36 Heavy Cavalry Archer
27:46 Parthian Tactics
27:24 Stone Mining
28:01 Leather Archer Armor
28:53 Conscription
29:21 Ring Archer Armor
30:16 Gold Shaft Mining
30:19 Kataparuto
30:38 Arrowslits
32:45 Siege Engineers
35:55 Two-Man Saw
35:42 Masonry
35:24 Guard Tower
40:55 Keep
40:01 Treadmill Crane
40:25 Yasama
41:39 Coinage
41:10 Caravan
42:12 Fortified Wall
41:57 Murder Holes
43:07 Banking
47:01 Plate Mail Armor
51:49 Iron Casting
52:52 Squires
52:38 Arson
52:47 Pikeman
53:13 Gambesons
53:59 Bloodlines
53:49 Husbandry
53:43 Halberdier
55:30 Blast Furnace
58:21 Arson
60:16 Hoardings
66:52 Man-at-Arms
67:32 Long Swordsman
68:25 Two-Handed Swordsman
69:39 Champion
Hatsbruv
6:47 Feudal Age
7:15 Double-Bit Axe
16:25 Loom
17:16 Wheelbarrow
19:56 Castle Age
17:56 Fletching
18:06 Padded Archer Armor
19:30 Scale Barding Armor
19:36 Forging
21:29 Chain Barding Armor
22:24 Iron Casting
22:08 Scale Mail Armor
23:04 Bow Saw
23:12 Gold Mining
25:30 Elite Skirmisher
27:33 Squires
26:55 Pikeman
27:09 Capped Ram
28:28 Hand Cart
28:44 Leather Archer Armor
28:25 Bodkin Arrow
28:46 Chain Mail Armor
30:38 Bloodlines
35:49 Crossbowman
36:35 Thumb Ring
42:08 Imperial Age
44:05 Two-Man Saw
42:53 Onager
43:11 Siege Ram
45:30 Hoardings
44:56 Cavalier
49:38 Horse Collar
70:37 Heavy Plow
Weathergolf55
8:00 Feudal Age
12:18 Castle Age
10:39 Double-Bit Axe
14:12 Bow Saw
20:38 Wheelbarrow
20:23 Scale Barding Armor
20:30 Forging
22:54 Chain Barding Armor
23:10 Iron Casting
24:11 Hand Cart
24:00 Gold Mining
27:41 Imperial Age
26:22 Gold Shaft Mining
27:45 Cavalier
28:29 Husbandry
29:17 Plate Barding Armor
29:45 Blast Furnace
30:03 Paladin
Connection lost

Rejoining the realm…

Still unreachable

The connection could not be restored.

Session expired

The server has moved on; the page needs a fresh start.